AoeStats
← Huitzilopochtli

Arena

508798367Analyzed
3v3 RM · 9d ago on Sep 24, 2026· 44m 20s· 6 players
Game mode
Random Map
Map size
Normal (6 player)
Population
200
Speed
Normal
Resources
Standard
Victory
Conquest
Starting age
Dark Age
Ending age
Imperial Age
RankedLock teamsTeams togetherTeam positionsShared explorationLock speedFull tech treeHidden civsTurbo modeCheats
Victory
Defeat
🇨🇱 Turks · Chile
897
+10
🇺🇸 Danes · United States
821
+13
🇺🇸 Cumans · United States
795
+14
🇺🇸 Celts · United States
764
-13
🇨🇦 Lithuanians · Canada
764
-13
🇺🇸 Franks · United States
725
-11
Xeuro
3:12 Loom
11:18 Feudal Age
11:25 Man-at-Arms
11:52 Arson
12:00 Horse Collar
19:28 Town Watch
21:48 Castle Age
22:03 Forging
22:11 Scale Mail Armor
22:15 Long Swordsman
22:43 Gambesons
25:34 Iron Casting
26:32 Chain Mail Armor
27:04 Squires
29:13 Fletching
30:26 Bodkin Arrow
37:06 Imperial Age
35:06 Town Patrol
36:54 Pikeman
38:24 Conscription
38:42 Hoardings
38:27 Masonry
38:39 Ballistics
42:15 Wheelbarrow
42:38 Capped Ram
43:09 Elite Skirmisher
43:58 Thumb Ring
Imported Heineken™ ★
10:40 Feudal Age
13:16 Loom
14:02 Horse Collar
22:11 Castle Age
20:54 Double-Bit Axe
22:33 Wheelbarrow
23:42 Town Watch
28:26 Heavy Plow
30:35 Town Patrol
31:07 Hand Cart
34:12 Imperial Age
34:46 Forging
34:41 Scale Barding Armor
34:36 Scale Mail Armor
34:50 Bow Saw
35:23 Crop Rotation
34:17 Cavalier
34:19 Light Cavalry
35:44 Paladin
36:22 Hussar
37:13 Bloodlines
38:13 Murder Holes
40:29 Iron Casting
40:09 Chain Mail Armor
40:15 Chain Barding Armor
40:49 Conscription
40:25 Gold Mining
44:26 Two-Man Saw
carlos.zetace.one
10:39 Feudal Age
13:10 Loom
16:17 Castle Age
14:31 Horse Collar
14:58 Double-Bit Axe
16:40 Gold Mining
22:31 Heavy Plow
23:52 Wheelbarrow
23:15 Town Watch
24:59 Bow Saw
26:59 Hand Cart
26:45 Town Patrol
27:39 Gold Shaft Mining
26:56 Stone Mining
27:02 Stone Mining
32:21 Imperial Age
31:17 Ballistics
30:49 Fletching
31:25 Bloodlines
31:16 Husbandry
32:28 Bodkin Arrow
32:34 Padded Archer Armor
32:53 Thumb Ring
34:04 Conscription
33:30 Heavy Cavalry Archer
34:36 Parthian Tactics
34:49 Bracer
35:06 Leather Archer Armor
35:56 Two-Man Saw
35:31 Sipahi
37:26 Town Patrol
37:38 Artillery
37:01 Elite Janissary
39:43 Ring Archer Armor
39:25 Forging
39:27 Scale Barding Armor
40:33 Bombard Tower
oopygoopy67
11:00 Feudal Age
12:23 Town Watch
12:52 Double-Bit Axe
13:48 Loom
14:48 Wheelbarrow
17:50 Castle Age
17:59 Bloodlines
18:37 Husbandry
20:38 Town Patrol
21:22 Loom
23:06 Hand Cart
32:51 Forging
32:47 Scale Barding Armor
34:15 Gold Mining
39:29 Iron Casting
39:19 Chain Barding Armor
40:38 Horse Collar
43:04 Bow Saw
Huitzilopochtli
2:38 Loom
12:53 Feudal Age
13:36 Double-Bit Axe
16:56 Forging
16:47 Scale Mail Armor
20:37 Castle Age
20:49 Gold Mining
20:52 Stone Mining
23:13 Bow Saw
23:00 Pikeman
23:41 Squires
23:26 Gambesons
24:03 Arson
24:58 Iron Casting
29:35 Caravan
29:21 Man-at-Arms
30:11 Light Cavalry
32:51 Wheelbarrow
34:28 Husbandry
35:41 Chain Mail Armor
35:31 Scale Barding Armor
39:32 Elite Skirmisher
39:32 Crossbowman
44:22 Imperial Age
41:22 Long Swordsman
46:20 Imperial Age
Big Matthew
7:42 Loom
11:14 Feudal Age
20:08 Castle Age
17:51 Horse Collar
19:31 Double-Bit Axe
20:29 Stone Mining
21:45 Bow Saw
22:10 Heavy Plow
22:24 Forging
29:11 Wheelbarrow
29:42 Stronghold
33:01 Pikeman
33:52 Crossbowman
33:52 Elite Skirmisher
35:03 Fletching
36:51 Hand Cart
37:12 Town Watch
37:57 Gold Mining
38:43 Stone Shaft Mining
39:05 Stone Shaft Mining
41:50 Imperial Age
41:05 Town Patrol
42:06 Halberdier
42:32 Gambesons
44:50 Iron Casting
44:15 Scale Mail Armor
44:20 Scale Barding Armor
44:11 Bodkin Arrow
44:16 Padded Archer Armor
Connection lost

Rejoining the realm…

Still unreachable

The connection could not be restored.

Session expired

The server has moved on; the page needs a fresh start.